 Dungeon Crawl Stone Soup version 0.31-a0-180-g519b7de00c (webtiles) character file.

Game seed: 11047913085726295230

3000 qw the Cleaver (level 9, -3/56 HPs)
             Began as a Gargoyle Fighter on June 20, 2023.
             Slain by a wight
             ... wielding a +3 hand axe of freezing
              (5 damage)
             ... on level 7 of the Dungeon.
             The game lasted 00:03:14 (6601 turns).

qw the Cleaver (Gargoyle Fighter)                   Turns: 6601, Time: 00:03:14

Health: -3/56      AC: 19    Str: 23    XL:     9   Next: 84%
Magic:  9/9        EV:  7    Int: 10    God:
Gold:   394        SH:  9    Dex:  9    Spells: 8/8 levels left

rFire   . . .        Y - +2 broad axe (freeze)
rCold   . . .        l - +0 kite shield
rNeg    + . .        h - +0 chain mail
rPois   inf          (no helmet)
rElec   +            (no cloak)
rCorr   .            (no gloves)
SInv    .            m - +2 pair of boots
Will    .....        (no amulet) Stlth
                     (no ring)
HPRegen 0.29/turn    (no ring)
MPRegen 0.11/turn

%: no passive effects
@: about to teleport
A: sickness immunity, AC +6, negative energy resistance 1, electricity
resistance, torment resistance 1, petrification resistance
a: no special abilities


You were on level 7 of the Dungeon.
You visited 1 branch of the dungeon, and saw 7 of its levels.

You collected 394 gold pieces.


Innate Abilities, Weirdness & Mutations

You are immune to sickness and miasma.
Your stone body is resilient. (AC +6)
You are immune to poison.
You resist negative energy. (rN+)
You are resistant to electric shocks. (rElec)
You are resistant to unholy torment.
You are immune to petrification.


   Skills:
 + Level 6.5 Fighting
 - Level 9.0 Axes
 - Level 1.6 Throwing
 - Level 4.4 Armour
 - Level 1.4 Dodging
 - Level 8.0 Shields


You had 8 spell levels left.
You didn't know any spells.
Your spell library was empty.

Inventory:

Hand Weapons
 g - a +1 war axe of flaming
 Y - a +2 broad axe of freezing (weapon)
Armour
 h - a +0 chain mail (worn)
 l - a +0 kite shield (worn)
 m - a +2 pair of boots (worn)
Jewellery
 c - a ring of ice
Scrolls
 i - 4 scrolls of identify
Potions
 b - 3 potions of heal wounds
 d - 2 potions of might
 e - 2 potions of lignification
 f - 5 potions of curing
 j - 2 potions of haste

Dungeon Overview and Level Annotations

Branches:
Dungeon (7/15)
 Temple: D:4-7

Altars:
Dithmenos
Elyvilon
Nemelex Xobeh
Ru
Uskayaw

Annotations:
D:5 2 transporters, qw's ghost, novice GrHu


Message History

You miss something. The wight barely misses you. You block the wight's attack.
Something hits you but does no damage. The wight hits you but does no damage.
You hit the wight but do no damage.
The wight is lightly damaged.
You miss something. Something hits you. Something shocks you. You resist.
The wight hits you with a +2 hand axe. You block the wight's attack.
You closely miss the wight.
The wight is lightly damaged.
You closely miss something. Something hits you. Something shocks you.
You resist. You block the wight's attack.
The wight hits you from afar with a +0 halberd.
You slash the wight!
You destroy the wight!
You barely miss something. Something hits you but does no damage.
The wight hits you from afar with a +0 halberd!
You block the wight's attack. Something hits you but does no damage.
You closely miss the wight. You barely miss something.
You block the wight's attack. The wight hits you but does no damage.
Something hits you but does no damage. You block the wight's attack.
You closely miss the wight. You hit something. You freeze something.
You block something's attack.
The wight hits you with a +3 hand axe of freezing.
The wight freezes you.
The wight hits you from afar with a +0 halberd.
You slash the wight!
The wight is heavily damaged.
You barely miss something. Something hits you. Something shocks you.
You resist.
The wight hits you with a +3 hand axe of freezing!
The wight freezes you. The wight hits you but does no damage.
6601 ||| READING scroll of teleportation.
As you read the scroll of teleportation, it crumbles to dust.
You feel strangely unstable. Something hits you. Something shocks you.
You resist.
The wight hits you with a +3 hand axe of freezing.
You die...

#.# #.#####....
.......###.# #.## #....
.=......##)# #..# #.%..
........##)####.# ##'##
........##......#####.#
........#..........##.#
.....z.z#........#.##.#
......{z#........#.##.#
#@#........#....#
#.#........###..#
#.#........# #..#
#.###'###### #..##
#.###.# #.... #.....#
##... ####### #### #


You could see 3 wights.

Vanquished Creatures
  Maggie (D:7)
  A hornet (D:7)
  3 yaks (D:6)
  Eustachio (D:5)
  A black bear (D:4)
  An ice beast (D:7)
  A sky beast (D:6)
  A centaur (D:6)
  2 ogres
  A kobold brigand (D:6)
  A gnoll sergeant (D:5)
  2 bullfrogs
  2 scorpions
  A wight (D:7)
  2 howler monkeys (D:7)
  5 hounds
  4 orc priests
  2 jellies
  A sleepcap (D:7)
  A gnoll bouda (D:6)
  4 iguanas
  4 orc wizards
  17 gnolls
  9 adders
  2 white imps
  An ufetubus (D:7)
  2 worms (D:2)
  4 dart slugs
  17 orcs
  4 endoplasms
  5 giant cockroaches
  9 goblins
  10 hobgoblins
  4 quokkas
  7 ball pythons
  2 bats (D:3)
  4 frilled lizards
  9 kobolds
  7 rats
155 creatures vanquished.

Notes
Turn   | Place    | Note
-------+----------+-------------------------------------------
     0 | D:1      | qw the Gargoyle Fighter began the quest for the Orb.
     0 | D:1      | Reached XP level 1. HP: 14/14 MP: 1/1
     0 | D:1      | 0 ||| qw: Version: 0.3-a-9-g12657ce
     0 | D:1      | 0 ||| qw: Game counter: 1159
     0 | D:1      | 0 ||| qw: Always use a shield: true
     0 | D:1      | 0 ||| qw: God list: Okawaru
     0 | D:1      | 0 ||| qw: Allow faded altars: false
     0 | D:1      | 0 ||| qw: Do Orc after D:15 true
     0 | D:1      | 0 ||| qw: Do second Lair branch before Depths: true
     0 | D:1      | 0 ||| qw: Lair rune preference: random
     0 | D:1      | 0 ||| qw: Plans: Normal, Zot:1-4, Slime:5, God:TSO, Crypt,
                  | Tomb, Abyss, Pan, Hells, Win
     0 | D:1      | 0 ||| PLANNING D:1-11
    20 | D:1      | Reached skill level 2 in Axes
    47 | D:1      | Reached XP level 2. HP: 11/19 MP: 2/2
   186 | D:1      | 186 ||| Stepping ~*~*~tactically~*~*~ (hiding).
   246 | D:1      | 246 ||| Stepping ~*~*~tactically~*~*~ (stealth).
   302 | D:1      | Reached skill level 3 in Axes
   525 | D:1      | Reached XP level 3. HP: 22/23 MP: 3/3
   708 | D:1      | 708 ||| Stepping ~*~*~tactically~*~*~ (stealth).
   757 | D:1      | 757 ||| DROPPING +0 club.
   994 | D:1      | 994 ||| UPGRADING to +0 chain mail.
  1004 | D:1      | 1004 ||| DROPPING +0 scale mail.
  1005 | D:1      | 1005 ||| READING scroll labelled AQAMORIYSM.
  1006 | D:1      | 1006 ||| DRINKING 2 viscous red potions.
  1303 | D:2      | 1303 ||| DROPPING +0 whip.
  1446 | D:2      | 1446 ||| Stepping ~*~*~tactically~*~*~ (hiding).
  1553 | D:2      | Reached XP level 4. HP: 28/28 MP: 4/4
  1653 | D:2      | 1653 ||| Stepping ~*~*~tactically~*~*~ (stealth).
  1655 | D:2      | 1655 ||| Stepping ~*~*~tactically~*~*~ (stealth).
  1656 | D:2      | 1656 ||| Stepping ~*~*~tactically~*~*~ (stealth).
  1743 | D:3      | Found a faded altar of an unknown god.
  1747 | D:3      | Reached skill level 4 in Axes
  1750 | D:3      | 1750 ||| STAIRDANCE
  1761 | D:3      | 1761 ||| STAIRDANCE
  1800 | D:3      | 1800 ||| Stepping ~*~*~tactically~*~*~ (stealth).
  1802 | D:3      | 1802 ||| Stepping ~*~*~tactically~*~*~ (stealth).
  1804 | D:3      | 1804 ||| Stepping ~*~*~tactically~*~*~ (stealth).
  1842 | D:3      | Found a hide-covered altar of Uskayaw.
  1931 | D:3      | HP: 5/28 [gnoll/+0 halberd (4)]
  1936 | D:3      | HP: 3/28 [gnoll/+0 halberd (1)]
  1939 | D:3      | Reached XP level 5. HP: 3/32 MP: 5/5
  2060 | D:3      | 2060 ||| DROPPING +0 mace.
  2062 | D:3      | Found a faded altar of an unknown god.
  2065 | D:3      | Found a shadowy altar of Dithmenos.
  2549 | D:3      | 2549 ||| READING scroll labelled MELE TETINAU.
  2550 | D:3      | 2550 ||| READING scroll labelled TONAN ILIEDGHAAVO.
  2551 | D:3      | 2551 ||| READING scroll labelled TIUMPI MOPIPN.
  2614 | D:4      | 2614 ||| Stepping ~*~*~tactically~*~*~ (stealth).
  2671 | D:4      | Noticed a black bear
  2681 | D:4      | HP: 4/32 [black bear (9)]
  2682 | D:4      | Killed a black bear
  2683 | D:4      | Reached skill level 5 in Axes
  2683 | D:4      | Reached XP level 6. HP: 5/37 MP: 6/6
  2917 | D:4      | 2917 ||| FLEEEEING.
  2922 | D:4      | 2922 ||| FLEEEEING.
  2923 | D:4      | 2923 ||| FLEEEEING.
  2924 | D:4      | 2924 ||| Stepping ~*~*~tactically~*~*~ (hiding).
  2928 | D:4      | 2928 ||| Stepping ~*~*~tactically~*~*~ (hiding).
  2938 | D:4      | 2938 ||| DRINKING 2 potions of curing.
  2938 | D:4      | 2938 ||| (to cure confusion)
  2939 | D:4      | 2939 ||| DRINKING potion of curing.
  2939 | D:4      | 2939 ||| (to cure confusion)
  3057 | D:4      | Reached skill level 6 in Axes
  3168 | D:4      | 3168 ||| READING scroll labelled BAGO ZEANUNUD.
  3169 | D:4      | 3169 ||| READING 4 scrolls of identify.
  3169 | D:4      | 3169 ||| IDENTIFYING orange potion
  3170 | D:4      | 3170 ||| READING 3 scrolls of identify.
  3170 | D:4      | 3170 ||| IDENTIFYING ruby potion
  3171 | D:4      | 3171 ||| DROPPING potion of degeneration.
  3174 | D:4      | 3174 ||| STAIRDANCE
  3287 | D:4      | Reached skill level 1 in Dodging
  3287 | D:4      | Reached XP level 7. HP: 41/43 MP: 7/7
  3373 | D:4      | Found a sacrificial altar of Ru.
  3451 | D:4      | 3451 ||| READING 2 scrolls labelled CIRIEM XUPH.
  3452 | D:4      | 3452 ||| READING 4 scrolls of identify.
  3452 | D:4      | 3452 ||| IDENTIFYING metallic yellow potion
  3453 | D:4      | 3453 ||| DROPPING scroll of fear.
  3460 | D:4      | 3460 ||| STAIRDANCE
  3597 | D:4      | 3597 ||| Stepping ~*~*~tactically~*~*~ (stealth).
  3623 | D:4      | 3623 ||| Stepping ~*~*~tactically~*~*~ (stealth).
  3662 | D:4      | 3662 ||| Stepping ~*~*~tactically~*~*~ (stealth).
  3663 | D:4      | 3663 ||| Stepping ~*~*~tactically~*~*~ (stealth).
  3736 | D:5      | Entered Level 5 of the Dungeon
  3744 | D:5      | Found a transporter.
  3747 | D:5      | Found a transporter.
  3748 | D:5      | Noticed qw's ghost (novice GrHu)
  3748 | D:5      | Identified the +9 giant club of Trial by Ordeal {heavy, rN+
                  | Will+ Str-2 Dex+3}
  3833 | D:5      | 3833 ||| Stepping ~*~*~tactically~*~*~ (hiding).
  3837 | D:5      | Noticed Eustachio
  3982 | D:5      | 3982 ||| FLEEEEING.
  3983 | D:5      | 3983 ||| FLEEEEING.
  3984 | D:5      | 3984 ||| FLEEEEING.
  3985 | D:5      | 3985 ||| FLEEEEING.
  3986 | D:5      | 3986 ||| FLEEEEING.
  3987 | D:5      | 3987 ||| FLEEEEING.
  3988 | D:5      | 3988 ||| FLEEEEING.
  3989 | D:5      | 3989 ||| FLEEEEING.
  3990 | D:5      | 3990 ||| FLEEEEING.
  3991 | D:5      | 3991 ||| FLEEEEING.
  3992 | D:5      | 3992 ||| FLEEEEING.
  3993 | D:5      | 3993 ||| FLEEEEING.
  3994 | D:5      | 3994 ||| FLEEEEING.
  3995 | D:5      | 3995 ||| FLEEEEING.
  3996 | D:5      | 3996 ||| FLEEEEING.
  3997 | D:5      | 3997 ||| FLEEEEING.
  3998 | D:5      | 3998 ||| FLEEEEING.
  3999 | D:5      | 3999 ||| FLEEEEING.
  4000 | D:5      | 4000 ||| FLEEEEING.
  4001 | D:5      | 4001 ||| FLEEEEING.
  4009 | D:5      | 4009 ||| FLEEEEING.
  4010 | D:5      | 4010 ||| FLEEEEING.
  4011 | D:5      | 4011 ||| FLEEEEING.
  4014 | D:5      | 4014 ||| FLEEEEING.
  4015 | D:5      | 4015 ||| FLEEEEING.
  4024 | D:5      | Killed Eustachio
  4025 | D:5      | Reached skill level 7 in Axes
  4199 | D:5      | 4199 ||| Stepping ~*~*~tactically~*~*~ (hiding).
  4210 | D:5      | Reached XP level 8. HP: 42/48 MP: 8/8
  4230 | D:5      | 4230 ||| Stepping ~*~*~tactically~*~*~ (stealth).
  4252 | D:5      | 4252 ||| Stepping ~*~*~tactically~*~*~ (stealth).
  4287 | D:5      | 4287 ||| Stepping ~*~*~tactically~*~*~ (stealth).
  4527 | D:5      | 4527 ||| UPGRADING to +0 kite shield.
  4537 | D:5      | 4537 ||| DROPPING +0 buckler.
  4538 | D:5      | 4538 ||| READING scroll labelled JAL DUBBEBUY.
  4539 | D:5      | 4539 ||| DROPPING +0 flail.
  4540 | D:5      | 4540 ||| READING 2 scrolls labelled CAN GIWNUACSIU.
  4541 | D:5      | 4541 ||| DROPPING scroll of revelation.
  4698 | D:6      | 4698 ||| FLEEEEING.
  4699 | D:6      | 4699 ||| FLEEEEING.
  4700 | D:6      | 4700 ||| FLEEEEING.
  4701 | D:6      | 4701 ||| FLEEEEING.
  4702 | D:6      | 4702 ||| FLEEEEING.
  4703 | D:6      | 4703 ||| FLEEEEING.
  4704 | D:6      | 4704 ||| FLEEEEING.
  4822 | D:6      | 4822 ||| Stepping ~*~*~tactically~*~*~ (hiding).
  4823 | D:6      | 4823 ||| Stepping ~*~*~tactically~*~*~ (hiding).
  4824 | D:6      | 4824 ||| Stepping ~*~*~tactically~*~*~ (hiding).
  4825 | D:6      | 4825 ||| Stepping ~*~*~tactically~*~*~ (hiding).
  5110 | D:6      | Reached skill level 6 in Shields
  5228 | D:6      | 5228 ||| SWAPPING to +0 broad axe of freezing.
  5417 | D:6      | Reached skill level 1 in Throwing
  5417 | D:6      | Reached XP level 9. HP: 39/54 MP: 9/9
  5420 | D:6      | Reached skill level 8 in Axes
  5491 | D:6      | 5491 ||| Stepping ~*~*~tactically~*~*~ (stealth).
  5508 | D:6      | Reached skill level 6 in Fighting
  5666 | D:6      | 5666 ||| READING scroll of enchant weapon.
  5666 | D:6      | 5666 ||| ENCHANTING +0 broad axe of freezing.
  5715 | D:6      | Found a white marble altar of Elyvilon.
  5715 | D:6      | Found a sparkling altar of Nemelex Xobeh.
  5907 | D:6      | 5907 ||| UPGRADING to +2 pair of boots.
  5912 | D:6      | 5912 ||| READING 2 scrolls labelled XEQIENW PADU.
  5913 | D:6      | 5913 ||| READING 5 scrolls of identify.
  5913 | D:6      | 5913 ||| IDENTIFYING fuming inky potion
  5914 | D:6      | 5914 ||| DROPPING scroll of fog.
  6028 | D:7      | 6028 ||| Stepping ~*~*~tactically~*~*~ (hiding).
  6162 | D:7      | 6162 ||| Stepping ~*~*~tactically~*~*~ (hiding).
  6165 | D:7      | 6165 ||| Stepping ~*~*~tactically~*~*~ (hiding).
  6444 | D:7      | Noticed Maggie
  6451 | D:7      | Killed Maggie
  6452 | D:7      | Reached skill level 9 in Axes
  6497 | D:7      | 6497 ||| READING scroll of enchant weapon.
  6497 | D:7      | 6497 ||| ENCHANTING +1 broad axe of freezing.
  6584 | D:7      | Noticed a hornet
  6589 | D:7      | Killed a hornet
  6600 | D:7      | HP: 8/56 [wight/+3 hand axe of freezing (8)]
  6601 | D:7      | 6601 ||| READING scroll of teleportation.
  6601 | D:7      | HP: 3/56 [something (4)]
  6601 | D:7      | Slain by a wight

Levels and vault maps discovered:
D:1:      minmay_arrival_arboretum_small, layout_basic
D:2:      layout_loops_ring, corexii_item_surrounded_by_moat
D:3:      layout_loops_ring, nicolae_overflow_ecumenical_swirl,
          mainiacjoe_overflow_six_doors_small, nicolae_ecumenical_pavilion,
          minmay_misc_feat_diagonals
D:4:      layout_basic, general_overflow_altar, grunt_ministairs_9,
          mrwooster_statue_mirror
D:5:      layout_rooms, gammafunk_ghost_smash, uniq_eustachio
D:6:      layout_basic, gammafunk_temple_overflow_elements
D:7:      layout_basic, minmay_temple_entry_mist, uniq_maggie

Skill      XL: |  1  2  3  4  5  6  7  8  9 |
---------------+----------------------------+-----
Axes           | 2 3 4 5 6 7 9 |  9.0
Fighting       | 4 5 6 |  6.5
Dodging        | 1 |  1.4
Shields        | 7 8 |  8.0
Throwing       | 1 |  1.6
Armour         | 4 |  4.4

Action                     |  1- 3 |  4- 6 |  7- 9 || total
---------------------------+-------+-------+-------++-------
  Melee: War axe           |   132 |   120 |   196 ||   448
         Broad axe         |       |       |    90 ||    90
  Throw: Boomerang         |       |       |     3 ||     3
    Use: Scroll            |     1 |     6 |     9 ||    16
         Potion            |     1 |     2 |       ||     3
 Armour: Scale mail        |    38 |       |       ||    38
         Chain mail        |    28 |    91 |   163 ||   282
  Dodge: Dodged            |    56 |    39 |    91 ||   186
  Block: Buckler           |    24 |    24 |    18 ||    66
         Kite shield       |       |       |    74 ||    74

Table legend:
 A = Non-vault XP
 B = Vault XP
 C = Vault XP percentage of total XP
 D = Non-vault monster count
 E = Vault monster count
 F = Vault count percentage of total count
                 A         B        C        D         E       F
            +---------+---------+-------+---------+---------+-------
      Total |    3676 |     611 |  14.3 |     151 |       4 |   2.6
            +---------+---------+-------+---------+---------+-------
        D:1 |      44 |       0 |   0.0 |      26 |       0 |   0.0
        D:2 |      56 |       0 |   0.0 |      13 |       0 |   0.0
        D:3 |      85 |       0 |   0.0 |      19 |       0 |   0.0
        D:4 |     554 |       4 |   0.7 |      26 |       2 |   7.1
        D:5 |     456 |     203 |  30.8 |      17 |       1 |   5.6
        D:6 |    1662 |       0 |   0.0 |      35 |       0 |   0.0
        D:7 |     819 |     404 |  33.0 |      15 |       1 |   6.2
            +---------+---------+-------+---------+---------+-------
